 Dungeon Crawl Stone Soup version 0.21.1-1-g345015f (webtiles) character file.

2170 inc the Thaumaturge (level 9, 0/76 HPs)
             Began as an Octopode Conjurer on June 11, 2018.
             Was an Initiate of Gozag.
             Slain by an orc warrior
             ... wielding a +0 dire flail
              (4 damage)
             ... on level 7 of the Dungeon.
             The game lasted 00:15:47 (8289 turns).

inc the Thaumaturge (Octopode Conjurer)             Turns: 8289, Time: 00:15:48

Health: 0/76       AC: 24    Str:  8      XL:     9   Next: 32%
Magic:  13/21      EV:  2    Int: 20      God:    Gozag
Gold:   1074       SH:  4    Dex: 11 (12) Spells: 19/25 levels left

rFire    . . .     SeeInvis .   A - +4 hand axe
rCold    . . .     Gourm    .   y - +0 buckler
rNeg     + + +     Faith    .   (helmet currently unavailable)
rPois    +         Spirit   .   (no amulet)
rElec    .         Reflect  .   (no ring)
rCorr    .         Harm     .   B - ring of stealth
MR       .....     NoTele   +   (no ring)
Stlth    +++.......             (no ring)
HPRegen  0.22/turn              (no ring)
MPRegen  0.17/turn              (no ring)
                                (no ring)
                                (no ring)

@: tree-form
A: almost no armour, stealthy swim, (amphibious), 8 rings, (constrict 8)
a: Potion Petition, Call Merchant, Bribe Branch, Renounce Religion


You were on level 7 of the Dungeon.
You worshipped Gozag.
Gozag was most pleased with you.
You were not hungry.
You were a tree.
You visited 2 branches of the dungeon, and saw 9 of its levels.

You collected 1109 gold pieces.
You paid 35 gold pieces to Gozag.

Inventory:

Hand Weapons
 f - a +0 whip
 t - a +2 whip of venom
 A - a +4 hand axe (weapon)
Armour
 y - a +0 buckler (worn)
Jewellery
 w - an uncursed ring of fire
 B - a ring of stealth (right branch)
Wands
 p - a wand of polymorph (29)
 C - a wand of enslavement (16)
Scrolls
 b - 3 scrolls of remove curse {unknown}
 k - 2 scrolls of magic mapping {unknown}
 m - 2 scrolls of fog {unknown}
 n - 3 scrolls of identify
 o - a scroll of noise {unknown}
 q - 2 scrolls of teleportation {unknown}
 r - a scroll of enchant weapon {unknown}
 s - 5 scrolls of enchant armour {unknown}
 u - a scroll of amnesia {unknown}
 v - a scroll of random uselessness {unknown}
 D - a scroll of fear {unknown}
Potions
 d - a potion of cancellation
 g - 6 potions of haste
 h - a potion of mutation
 i - a potion of flight
 j - a potion of lignification
 l - a potion of agility
 z - 2 potions of degeneration
Books
 a - a book of Conjurations

   Spells                             Type                      Level
   a - Magic Dart                     Conjuration                  1
   b - Searing Ray                    Conjuration                  2
   c - Dazzling Spray                 Conjuration/Hexes            3
   d - Fulminant Prism                Conjuration/Hexes            4
   e - Force Lance                    Conjuration/Translocation    4
   f - Iskenderun's Mystic Blast      Conjuration                  4
 x - a book of Cantrips

   Spells                             Type                      Level
   a - Confusing Touch                Hexes                        1
   b - Animate Skeleton               Necromancy                   1
   c - Summon Small Mammal            Summoning                    1
   d - Apportation                    Translocation                1
Comestibles
 c - 2 rations


   Skills:
 - Level 2.0 Dodging
 - Level 2.6 Stealth
 - Level 4.0 Shields
 - Level 8.7 Spellcasting
 + Level 6.7 Conjurations
 + Level 3.5 Hexes


You had 19 spell levels left.
You knew the following spells:

 Your Spells              Type           Power        Failure   Level  Hunger
a - Magic Dart            Conj           ####         1%          1    None
b - Searing Ray           Conj           #####.       1%          2    None
c - Dazzling Spray        Conj/Hex       ####..       2%          3    None


Dungeon Overview and Level Annotations

Branches:
Dungeon (8/15)             Temple (1/1) D:6
   Lair: D:8-11

Altars:
Ashenzari
Cheibriados
Dithmenos
Elyvilon
Fedhas
Gozag
Hepliaklqana
Kikubaaqudgha
Makhleb
Nemelex Xobeh
Okawaru
Qazlal
Ru
Sif Muna
Trog
Uskayaw
Vehumet
Wu Jian
Xom
Yredelemnul
Zin
The Shining One

Shops:
D:8 }

Annotations:
D:8 1 runed door


Innate Abilities, Weirdness & Mutations

You cannot wear most types of armour.
You are very stealthy in the water. (Stealth+)
((You are amphibious.))
You can wear up to eight rings at the same time.
((You can use your tentacles to constrict eight enemies at once.))
((Your skin changes colour to match your surroundings (Stealth+).))
((Your rubbery body absorbs attacks. (AC +1, EV +1)))


Message History

The searing ray hits the orc warrior.
The orc warrior is lightly wounded.
The orc warrior hits you with a dire flail!
* * * LOW HITPOINT WARNING * * *
The searing ray hits the orc warrior.
The orc warrior is moderately wounded.
The orc warrior hits you but does no damage.
The searing ray hits the orc warrior.
The orc warrior is heavily wounded.
You finish channeling your searing ray.
The orc warrior hits you but does no damage.
Casting: Searing Ray
Confirm with . or Enter, or press ? or * to list all spells.
Aiming: Dazzling Spray
Press: ? - help, Shift-Dir - straight line, f/p - orc warrior
Aim: an orc warrior, wielding a dire flail and wearing a chain mail (heavily wounded)
The spray of energy misses the orc warrior.
The orc warrior hits you with a dire flail.
You die...
Your body crumbles into a pile of gold.

####.##..
#♣.......
#o##.####
#.# ...
!.. ##.##
..# .##


You could see an orc warrior.

Vanquished Creatures
  Duvessa (D:5)
  An ice beast (D:6)
  A sky beast (D:5)
  4 bullfrogs
  A gnoll sergeant (D:5)
  Dowan (D:5)
  4 scorpions
  4 wights (D:7)
  A howler monkey (D:6)
  A crimson imp (D:5)
  A quasit (D:8)
  A bullfrog zombie (D:6)
  4 hounds
  A human zombie (D:8)
  5 orc priests
  A centaur skeleton (D:4)
  An iguana (D:6)
  Natasha (D:2)
  5 orc wizards
  2 worker ants
  Terence (D:2)
  A killer bee zombie (D:8)
  2 hound zombies
  2 hound skeletons
  Robin (D:2)
  5 gnolls
  12 adders
  4 shadow imps
  An adder zombie (D:5)
  2 worms (D:2)
  A dart slug (D:2)
  7 leopard geckos
  24 orcs
  A ball python (D:4)
  5 giant cockroaches
  23 goblins
  6 hobgoblins
  10 jackals
  3 quokkas
  8 bats
  5 frilled lizards
  A jackal skeleton (D:8)
  5 kobolds
  5 rats
176 creatures vanquished.

Notes
Turn   | Place    | Note
-------+----------+-------------------------------------------
     0 | D:1      | inc the Octopode Conjurer began the quest for the Orb.
     0 | D:1      | Reached XP level 1. HP: 11/11 MP: 3/3
   378 | D:1      | Reached XP level 2. HP: 17/17 MP: 3/5
   448 | D:1      | Learned a level 2 spell: Searing Ray
   504 | D:1      | Reached XP level 3. HP: 21/21 MP: 0/6
   858 | D:1      | Reached skill level 5 in Conjurations
  1120 | D:2      | Noticed Robin
  1325 | D:2      | Reached XP level 4. HP: 27/27 MP: 6/8
  1374 | D:2      | Killed Robin
  1511 | D:2      | Reached skill level 3 in Spellcasting
  1631 | D:2      | Noticed Terence
  1686 | D:2      | Killed Terence
  1770 | D:2      | Reached XP level 5. HP: 31/31 MP: 5/10
  1841 | D:2      | Found a glowing silver altar of Zin.
  1844 | D:2      | Found a glowing golden altar of the Shining One.
  1847 | D:2      | Found an opulent altar of Gozag.
  1853 | D:2      | Became a worshipper of Gozag Ym Sagoz the Greedy
  1874 | D:2      | Found a shattered altar of Ashenzari.
  1951 | D:2      | Noticed Natasha
  1957 | D:2      | Killed Natasha
  2669 | D:3      | Reached skill level 4 in Spellcasting
  2733 | D:3      | Found a shadowy altar of Dithmenos.
  3307 | D:3      | Reached XP level 6. HP: 28/36 MP: 3/12
  3588 | D:4      | Noticed an orc warrior
  3724 | D:4      | Reached skill level 5 in Spellcasting
  4365 | D:5      | Entered Level 5 of the Dungeon
  4463 | D:5      | Found a basalt altar of Yredelemnul.
  4463 | D:5      | Found a blossoming altar of Fedhas.
  4564 | D:5      | Reached XP level 7. HP: 39/41 MP: 5/15
  4683 | D:5      | Reached skill level 6 in Spellcasting
  4772 | D:5      | Learned a level 3 spell: Dazzling Spray
  4806 | D:5      | Noticed Duvessa
  4806 | D:5      | Noticed Dowan
  4822 | D:5      | Killed Duvessa
  4835 | D:5      | Killed Dowan
  4835 | D:5      | Reached skill level 7 in Spellcasting
  5300 | D:5      | Reached XP level 8. HP: 46/46 MP: 12/19
  5548 | D:6      | Found a snail-covered altar of Cheibriados.
  5751 | D:6      | Reached skill level 1 in Shields
  6206 | D:6      | Found a staircase to the Ecumenical Temple.
  6236 | D:6      | Reached skill level 8 in Spellcasting
  6249 | Temple   | Entered the Ecumenical Temple
  7296 | D:7      | Reached skill level 1 in Hexes
  7368 | D:7      | Reached XP level 9. HP: 45/51 MP: 5/21
  7776 | D:8      | Found a runed door.
  7799 | D:8      | Found a basalt altar of Yredelemnul.
  8153 | D:8      | Found Aphow's Gadget Shoppe.
  8286 | D:7      | HP: 3/76 [orc warrior/dire flail (10)]
  8289 | D:7      | Slain by an orc warrior

Skill      XL: |  1  2  3  4  5  6  7  8  9 |
---------------+----------------------------+-----
Conjurations   | 5 6 |  6.7
Spellcasting   | 3 4 5 7 8 |  8.7
Shields        | 3 4 |  4.0
Hexes          | 1 3 |  3.5
Dodging        | |  2.0
Stealth        | |  2.6

Action                   |  1- 3 |  4- 6 |  7- 9 || total
-------------------------+-------+-------+-------++-------
Melee: Unarmed           |    14 |       |       ||    14
       Constrict         |     5 |     5 |     3 ||    13
       Tentacles         |     3 |     2 |       ||     5
       Whip              |     7 |    24 |     6 ||    37
       Hand axe          |       |       |    10 ||    10
 Cast: Magic Dart        |    52 |   156 |   184 ||   392
       Searing Ray       |       |    11 |    26 ||    37
       Dazzling Spray    |       |       |    13 ||    13
  Use: Scroll            |       |     4 |     4 ||     8
       Potion            |       |       |     6 ||     6
 Stab: Sleeping          |       |     1 |       ||     1
  Eat: Chunk             |     2 |     2 |       ||     4
       Ration            |       |     3 |     3 ||     6
Armor: Skin              |     3 |     7 |    28 ||    38
Dodge: Dodged            |    17 |    57 |    56 ||   130
Block: Buckler           |       |       |    18 ||    18
